 Dungeon Crawl Stone Soup version 0.27-a0-103-g6cd7b45605 (webtiles) character file.

Game seed: 408871981682332362

4619 dickylongcocking the Ogre Mage (level 10, 0/71 (91) HPs)
             Began as an Ogre Venom Mage on Jan 22, 2021.
             Was an Initiate of Gozag.
             Slain by a wight
             ... wielding a +5 trident of freezing
              (2 damage)
             ... on level 9 of the Dungeon.
             The game lasted 00:12:03 (12954 turns).

dickylongcocking the Ogre Mage (Ogre Venom Mage)   Turns: 12954, Time: 00:12:04

HP:   0/71 (91)     AC:  3    Str: 12    XL:     10   Next: 42%
MP:   9/24          EV: 10    Int: 19    God:    Gozag
Gold: 1356          SH:  0    Dex: 11    Spells: 16/29 levels left

rFire    . . .     SeeInvis +   H - staff of conjuration
rCold    . . .     Faith    .   (no shield)
rNeg     . . .     Spirit   .   a - +0 robe
rPois    .         Reflect  .   (helmet restricted)
rElec    .         Harm     .   (no cloak)
rCorr    .         Rampage  .   (gloves unavailable)
Will     +....                  (boots unavailable)
Stlth    ++........             (no amulet)
HPRegen  0.21/turn              b - ring of see invisible
MPRegen  0.19/turn              (no ring)

@: gold aura, slowed, heavily drained, very slow
A: large, unfitting armour, talons 2, agile 1, tough skin 1, weak 1
a: Renounce Religion, Potion Petition, Call Merchant, Bribe Branch


You were on level 9 of the Dungeon.
You worshipped Gozag.
Gozag was most pleased with you.
You visited 1 branch of the dungeon, and saw 9 of its levels.

You collected 1436 gold pieces.
You paid 80 gold pieces to Gozag.

Inventory:

Hand Weapons
 c - a +0 spear
 e - a +2 dagger of speed
 j - a +0 whip
 k - a +0 great sword
 p - a +1 whip of freezing
 D - a +0 giant club
Missiles
 s - 10 boomerangs
Armour
 a - a +0 robe (worn)
Magical Staves
 H - an uncursed staff of conjuration (weapon)
Jewellery
 b - a ring of see invisible (left hand)
 i - an uncursed ring of protection from fire
 G - a +6 ring of intelligence {unknown}
Wands
 m - a wand of polymorph (20)
 n - a wand of flame (10)
Scrolls
 d - 2 scrolls of random uselessness {unknown}
 g - 12 scrolls of remove curse {unknown}
 o - 2 scrolls of immolation {unknown}
 q - 3 scrolls of teleportation {unknown}
 r - a scroll of fear {unknown}
 t - 6 scrolls of identify {unknown}
 u - a scroll of noise {unknown}
 w - a scroll of enchant armour {unknown}
 x - 2 scrolls of enchant weapon {unknown}
 y - 3 scrolls of amnesia {unknown}
 A - 2 scrolls of magic mapping {unknown}
 C - a scroll of torment {unknown}
Potions
 f - 4 potions of mutation
 h - 3 potions of heal wounds {unknown}
 l - 2 potions of attraction {unknown}
 v - 2 potions of ambrosia {unknown}
 z - 3 potions of cancellation {unknown}
 B - a potion of haste {unknown}
 E - a potion of brilliance {unknown}
 I - 2 potions of flight {unknown}
 J - 2 potions of might
 K - 2 potions of curing


   Skills:
 + Level 3.1 Fighting
 + Level 2.2(2.3) Maces & Flails
 + Level 1.0(1.9) Staves
 + Level 2.9 Dodging
 + Level 2.4 Stealth
 + Level 10.0 Spellcasting
 + Level 0.3 Conjurations
 + Level 4.1 Transmutations
 + Level 2.8 Fire Magic
 + Level 2.6 Air Magic
 + Level 8.2 Poison Magic


You had 16 spell levels left.
You knew the following spells:

 Your Spells              Type           Power        Failure   Level
a - Sting                 Tmut/Pois      100%         1%          1
d - Olgreb's Toxic Radia  Pois           40%          2%          4
i - Ignite Poison         Fire/Tmut/Pois 28%          2%          3
p - Poisonous Vapours     Pois/Air       60%          1%          2
x - Mephitic Cloud        Conj/Pois/Air  35%          4%          3

Your spell library contained the following spells:

 Spells                   Type           Power        Failure   Level
 Beastly Appendage        Tmut           50%          1%          1
 Wereblood                Tmut           25%          1%          2
 Spider Form              Tmut/Pois      16%          1%          3
 Animate Skeleton         Necr           18%          8%          1
 Apportation              Tloc           18%          8%          1
 Corona                   Hex            10%          8%          1
 Freeze                   Ice            36%          8%          1
 Pain                     Necr           36%          8%          1
 Summon Small Mammal      Summ           36%          8%          1
 Frozen Ramparts          Ice            18%          22%         3
 Ozocubu's Armour         Ice            9%           22%         3
 Vampiric Draining        Necr           4%           22%         3
 Ice Form                 Ice/Tmut       17%          30%         4
 Blade Hands              Tmut           12%          36%         5
 Hailstorm                Conj/Ice       15%          56%         4
 Animate Dead             Necr           4%           58%         4
 Summon Ice Beast         Ice/Summ       9%           58%         4
 Agony                    Necr           9%           90%         5


Dungeon Overview and Level Annotations

Branches:
Dungeon (9/15)             Temple (0/1) D:6
   Lair: D:8-11         Orc: D:9-12

Altars:
Ashenzari
Dithmenos
Elyvilon
Fedhas
Gozag
Hepliaklqana
Makhleb
Sif Muna
Trog
Vehumet
Wu Jian
Xom
Yredelemnul

Shops:
D:5 [

Annotations:
D:2 Sigmund
D:3 1 runed translucent door, YayAnonymity's ghost, amateur TrAr


Innate Abilities, Weirdness & Mutations

You are too large for most types of armour.
You have tough skin. (AC +1)
You have razor-sharp toenails.
You are agile. (Dex +2)
You are weak. (Str -2)


Message History

The wight freezes you.
Unknown command.
Unknown command.
Unknown command.
Casting: Mephitic Cloud (dangerous; 4% risk of failure)
Confirm with . or Enter, or press ? or * to list all spells.
You ignite the poison in your surroundings!
The wight is engulfed in blazing flames.
The wight hits you from afar with a +5 trident of freezing!
* * * LOW HITPOINT WARNING * * *
You feel drained.
* * * LOW HITPOINT WARNING * * *
The wight freezes you.
* * * LOW HITPOINT WARNING * * *
The wight is engulfed in blazing flames. x2
The wight hits you from afar with a +5 trident of freezing!
* * * LOW HITPOINT WARNING * * *
You feel drained.
You die...
Your body crumbles into a pile of gold.

$ . .. .. !. $# #z
.. #.######## #.#
#.zz☼@...# #.#
########.# ###.####
. #.###......# ..###
#...#......#
....######.)......#
#...........).####
##.......###.#######
#...)...# #........
##......# ####..###


You could see 2 wights.

Vanquished Creatures
  A two-headed ogre (D:8)
  Prince Ribbit (D:7)
  Duvessa (D:5)
  An ice beast (D:6)
  3 sky beasts
  6 orc warriors
  3 ogres
  2 phantoms
  2 centaurs
  A big kobold (D:7)
  4 bullfrogs
  Dowan (D:5)
  6 killer bees (D:8)
  5 wights
  2 centaur zombies
  A quasit (D:6)
  2 hounds
  6 orc priests
  12 orc wizards
  2 bullfrog skeletons
  4 worker ants
  Natasha (thrice) (D:2)
  An iguana (D:5)
  2 hound zombies (D:7)
  A hound skeleton (D:5)
  14 gnolls
  5 adders
  3 shadow imps
  A white imp (D:7)
  2 ufetubi
  2 oozes
  An adder zombie (D:7)
  An adder skeleton (D:3)
  3 worms
  4 leopard geckos
  31 orcs
  4 giant cockroaches
  11 goblins
  5 hobgoblins
  18 jackals
  15 kobolds
  6 quokkas
  3 ball pythons
  11 bats
  6 frilled lizards
  8 rats
227 creatures vanquished.

Notes
Turn   | Place    | Note
-------+----------+-------------------------------------------
     0 | D:1      | dickylongcocking the Ogre Venom Mage began the quest for
                  | the Orb.
     0 | D:1      | Reached XP level 1. HP: 16/16 MP: 3/3
   122 | D:1      | Reached skill level 1 in Transmutations
   365 | D:1      | Reached XP level 2. HP: 24/24 MP: 5/5
   848 | D:1      | Reached skill level 3 in Spellcasting
   850 | D:1      | Reached XP level 3. HP: 22/31 MP: 0/7
  1395 | D:2      | Noticed Sigmund
  1478 | D:2      | Found an ornate altar of the Wu Jian Council.
  1791 | D:2      | Learned a level 2 spell: Poisonous Vapours
  1799 | D:2      | Reached XP level 4. HP: 39/39 MP: 0/9
  2261 | D:1      | Reached skill level 4 in Spellcasting
  2261 | D:1      | Reached XP level 5. HP: 24/46 MP: 1/11
  2411 | D:1      | Learned a level 3 spell: Ignite Poison
  2689 | D:2      | Noticed Natasha
  2691 | D:2      | Killed Natasha
  2705 | D:2      | Noticed Natasha
  2737 | D:2      | Killed Natasha
  2738 | D:2      | Reached skill level 1 in Air Magic
  2742 | D:2      | Noticed Natasha
  2832 | D:2      | Killed Natasha
  3087 | D:3      | Reached XP level 6. HP: 54/54 MP: 0/12
  4015 | D:3      | Found a runed translucent door.
  4016 | D:3      | Noticed YayAnonymity's ghost (amateur TrAr)
  4401 | D:4      | Reached skill level 1 in Fighting
  4407 | D:4      | Learned a level 4 spell: Olgreb's Toxic Radiance
  4411 | D:4      | Learned a level 3 spell: Mephitic Cloud
  4470 | D:4      | Found a white marble altar of Elyvilon.
  4480 | D:4      | Found a shimmering blue altar of Sif Muna.
  4761 | D:4      | Reached skill level 1 in Maces & Flails
  4761 | D:4      | Reached XP level 7. HP: 62/62 MP: 1/14
  5074 | D:4      | Found an opulent altar of Gozag.
  5110 | D:4      | Became a worshipper of Gozag Ym Sagoz the Greedy
  5238 | D:4      | Found a basalt altar of Yredelemnul.
  5409 | D:5      | Entered Level 5 of the Dungeon
  5472 | D:5      | Reached skill level 5 in Spellcasting
  5785 | D:5      | Found Puzxaf's Antique Armour Boutique.
  6485 | D:5      | Noticed Dowan
  6486 | D:5      | Noticed Duvessa
  6489 | D:5      | Killed Dowan
  6490 | D:5      | Reached skill level 6 in Spellcasting
  6490 | D:5      | Reached skill level 5 in Poison Magic
  6490 | D:5      | Reached XP level 8. HP: 68/70 MP: 4/17
  6490 | D:5      | Killed Duvessa
  6783 | D:5      | Reached skill level 1 in Fire Magic
  7021 | D:5      | Found a broken altar of Ashenzari.
  7040 | D:6      | Found a staircase to the Ecumenical Temple.
  7243 | D:6      | Gained mutation: You are weak. (Str -2) [potion of
                  | mutation]
  7243 | D:6      | Gained mutation: You are agile. (Dex +2) [potion of
                  | mutation]
  7243 | D:6      | Gained mutation: You have sharp toenails. [potion of
                  | mutation]
  7243 | D:6      | Gained mutation: You have razor-sharp toenails. [potion of
                  | mutation]
  7843 | D:6      | Reached skill level 7 in Spellcasting
  8177 | D:6      | Reached XP level 9. HP: 64/79 MP: 19/19
  8853 | D:7      | Noticed Prince Ribbit
  8863 | D:7      | Killed Prince Ribbit
  9084 | D:7      | Found a burning altar of Makhleb.
  9168 | D:7      | Reached skill level 8 in Spellcasting
  9626 | D:7      | Found a hazy altar of Hepliaklqana.
  9980 | D:7      | Found a blossoming altar of Fedhas.
 10079 | D:7      | Found a shimmering altar of Xom.
 10218 | D:7      | Found a radiant altar of Vehumet.
 10331 | D:7      | Found a shadowy altar of Dithmenos.
 10431 | D:8      | Got a transparent granite ring
 10976 | D:8      | Reached skill level 9 in Spellcasting
 11190 | D:8      | Noticed a two-headed ogre
 11217 | D:8      | Reached XP level 10. HP: 89/89 MP: 2/23
 11253 | D:8      | Killed a two-headed ogre
 11254 | D:8      | Reached skill level 1 in Staves
 11412 | D:8      | Identified the ring "Jyaqoh" {rPois Int-5 Dex+6} (You found
                  | it on level 8 of the Dungeon)
 11780 | D:8      | Found a bloodstained altar of Trog.
 12362 | D:8      | Reached skill level 10 in Spellcasting
 12954 | D:9      | HP: 2/73 [wight/+5 trident of freezing (7)]
 12954 | D:9      | Slain by a wight

Illustrated notes

Levels and vault maps discovered:
D:1:      amcnicky_arrival_flooded_fountain, layout_rooms
D:2:      layout_rooms, lemuel_crystal_altar, uniq_natasha, uniq_sigmund
D:3:      layout_basic, gammafunk_ghost_grave
D:4:      layout_loops_ring, nicolae_overflow_crystal_walls,
          grunt_gozag_breadcrumbs, elyvilon_altar_4,
          chequers_serial_rivers_small_3, led_sif_book
D:5:      layout_basic, kennysheep_mini, serial_shops,
          nicolae_shop_behind_doors, uniq_duvessa
D:6:      minmay_razor_zed, layout_rooms, minmay_temple_entry_mist, minivault_4,
          chequers_serial_rivers_small_3
D:7:      layout_basic, fiery_altar_vehumet, fedhas_altar_fruit_tree,
          xom_teletrap_fun, nicolae_overflow_hidden_temple,
          lemuel_crystal_altar, bloody_makhleb, uniq_prince_ribbit1
D:8:      layout_layer_cave, old_standard_altar
D:9:      layout_rooms, minmay_misc_feat_iff, minmay_misc_feat_diagonals,
          minmay_lizard_king, uniq_maurice

Skill      XL: |  1  2  3  4  5  6  7  8  9 10 |
---------------+-------------------------------+-----
Transmutations | 1 2 3 4 |  4.1
Poison Magic   | 3 4 5 6 7 8 |  8.2
Spellcasting   | 3 4 6 7 9 10 | 10.0
Dodging        | 2 |  2.9
Air Magic      | 2 |  2.6
Fighting       | 1 2 3 |  3.1
Maces & Flails | 1 2 |  2.2
Stealth        | 2 |  2.4
Fire Magic     | 1 2 |  2.8
Staves         | 1 |  1.0
Conjurations   | |  0.3

Action                   |  1- 3 |  4- 6 |  7- 9 | 10-12 || total
-------------------------+-------+-------+-------+-------++-------
Melee: Spear             |    19 |       |       |       ||    19
       Dagger            |    18 |       |       |       ||    18
       Unarmed           |       |     3 |       |       ||     3
       Whip              |       |    73 |    85 |       ||   158
       Great sword       |       |     2 |       |       ||     2
       Kick              |       |       |     4 |     3 ||     7
       Staff             |       |       |    10 |     9 ||    19
 Cast: Sting             |    66 |     8 |    24 |     4 ||   102
       Poisonous Vapours |     2 |    53 |       |       ||    55
       Ignite Poison     |       |     4 |    55 |    17 ||    76
       Olgreb's Toxic Ra |       |     3 |    55 |    10 ||    68
       Mephitic Cloud    |       |       |    10 |     9 ||    19
Evoke: Wand              |       |       |     8 |       ||     8
  Use: Potion            |       |       |     4 |     1 ||     5
 Stab: Sleeping          |       |     2 |       |       ||     2
Armor: Robe              |    41 |    44 |    39 |       ||   124
       Skin              |       |     4 |     1 |     2 ||     7
Dodge: Dodged            |    76 |    93 |    98 |     8 ||   275
       Rpst.: Great sword |       |     2 |       |       ||     2

Table legend: (Time is in decaauts)
 A = Elapsed time spent in this place.
 B = Non-inter-level travel time spent in this place.
 C = Inter-level travel time spent in this place.
 D = Time resting spent in this place.
 E = Time spent auto-exploring this place.
 F = Levels seen in this place.
 G = Mean time per level.
                   A        B        C        D        E       F      G
               +--------+--------+--------+--------+--------+-----+--------+
         Total |  12972 |  12713 |    259 |   2665 |   8267 |   9 | 1441.3 |
       Dungeon |  12972 |  12713 |    259 |   2665 |   8267 |   9 | 1441.3 |
               +--------+--------+--------+--------+--------+-----+--------+

Top non-repeatable levels by time:
     D:1: 2257 daAuts
     D:8: 2067 daAuts
     D:6: 1923 daAuts
     D:7: 1781 daAuts
     D:5: 1625 daAuts
     D:3: 1286 daAuts
     D:4: 1110 daAuts
     D:2: 759 daAuts
     D:9: 161 daAuts
